 Dungeon Crawl Stone Soup version 0.19.0-18-g426998a (webtiles) character file.

175 Rrauwl the Shield-Bearer (level 5, 0/46 HPs)
             Began as a Human Fighter on Nov 12, 2016.
             Was an Initiate of Makhleb.
             Slain by an adder (1 damage)
             ... on level 3 of the Dungeon.
             The game lasted 00:20:34 (2115 turns).

Rrauwl the Shield-Bearer (Human Fighter)            Turns: 2115, Time: 00:20:35

Health: 0/46       AC:  7    Str: 17    XL:     5   Next: 86%
Magic:  6/6        EV:  9    Int:  9    God:    Makhleb [......]
Gold:   164        SH:  9    Dex: 14    Spells: 0 memorised, 5 levels left

rFire  . . .     SeeInvis .     k - +0 long sword
rCold  . . .     Gourm    .     b - +0 scale mail
rNeg   . . .     Faith    .     c - +0 shield
rPois  +         Spirit   .     (helmet restricted)
rElec  .         Reflect  .     (no cloak)
rCorr  .         Harm     .     (no gloves)
MR     +....                    (no boots)
Stlth  ..........               (no amulet)
                                p - ring of poison resistance (curse)
                                j - ring of protection from magic

@: hasted, very quick
A: antennae 1, repulsion field 1, agile 1, robust 1, subdued magic 1
a: Renounce Religion


You were on level 3 of the Dungeon.
You worshipped Makhleb.
Makhleb was noncommittal.
You were hungry.

You visited 1 branch of the dungeon, and saw 3 of its levels.

You collected 164 gold pieces.

Inventory:

Hand Weapons
 k - a +0 long sword (weapon)
Missiles
 g - 29 arrows
Armour
 b - a +0 scale mail (worn)
 c - a +0 shield (worn)
 r - a +0 helmet
Jewellery
 i - an uncursed ring of protection from fire
 j - a ring of protection from magic (left hand)
 n - an uncursed ring of resist corrosion
 p - a cursed ring of poison resistance (right hand)
Wands
 s - a wand of flame (18/48)
Scrolls
 d - 3 scrolls of remove curse
 e - a scroll of teleportation
 h - 2 scrolls of blinking
Comestibles
 f - 4 bread rations
 l - 2 meat rations
 m - 8 fruits
 q - 7 chunks of flesh


   Skills:
 + Level 3.7 Fighting
 + Level 3.1 Long Blades
 + Level 3.7 Armour
 * Level 1.2 Dodging
 + Level 3.9 Shields
 * Level 0.8 Spellcasting


You had 5 spell levels left.
You didn't know any spells.

Dungeon Overview and Level Annotations

Branches:
Dungeon (3/15)

Altars:
Fedhas
Makhleb
Ru


Innate Abilities, Weirdness & Mutations

You have a pair of small antennae on your head.
You are surrounded by a mild repulsion field. (EV +2)
You are agile. (Dex +2)
You are robust. (+10% HP)
Your spells are a little easier to cast, but a little less powerful.


Message History

The adder is heavily wounded.
You feel sick. The adder misses you. You block the adder's attack.
You closely miss the adder.
The adder is heavily wounded.
You feel sick. The adder closely misses you.
You riposte.
You closely miss the adder.
The adder is heavily wounded.
The adder bites you but does no damage. The adder bites you but does no damage.
You barely miss the adder.
The adder is heavily wounded.
You feel sick. The adder bites you.
* * * LOW HITPOINT WARNING * * *
The adder closely misses you.
* * * LOW HITPOINT WARNING * * *
You feel sick.
You are no longer poisoned.
The adder bites you but does no damage.
You feel yourself speed up. The adder bites you.
You die...

#.# #.# #.# ... #.# ... #.# #.#
#.# #.#
##########.################ #.#
...........ooooS@..<......#####.#
##########.########.............#
#......###.......####...
######.##...........#.##
#.##........##.#.#
#.##........##.#.#
#.##........##.#.#
#>##.###.#.###.#.#
#.##.###%#.###.#.#


You could see an orc priest, an adder and 3 orcs.

Vanquished Creatures
  A hound (D:2)
  3 gnolls (D:2)
  6 adders (D:2)
  An ooze (D:3)
  A worm (D:3)
  A dart slug (D:2)
  A leopard gecko (D:1)
  An orc (D:3)
  A ball python (D:1)
  4 giant cockroaches
  3 goblins
  9 hobgoblins
  5 kobolds
  A quokka (D:2)
  6 bats
  3 frilled lizards
  11 rats
58 creatures vanquished.

Vanquished Creatures (others)
  A giant cockroach (D:3)
  A rat (D:3)
2 creatures vanquished.

Grand Total: 60 creatures vanquished

Notes
Turn   | Place    | Note
-------+----------+-------------------------------------------
     0 | D:1      | Rrauwl the Human Fighter began the quest for the Orb.
     0 | D:1      | Reached XP level 1. HP: 18/18 MP: 1/1
   629 | D:1      | Reached XP level 2. HP: 21/24 MP: 2/2
   990 | D:2      | Reached XP level 3. HP: 29/29 MP: 3/3
  1041 | D:2      | Gained mutation: You are robust. (+10% HP) [potion of mutation]
  1041 | D:2      | Gained mutation: You are surrounded by a mild repulsion field. (EV +2) [potion of mutation]
  1041 | D:2      | Gained mutation: Your spells are a little easier to cast, but a little less powerful. [potion of mutation]
  1042 | D:2      | HP: 1/31 [gnoll/spear (5)]
  1057 | D:2      | Reached XP level 4. HP: 3/38 MP: 4/4
  1341 | D:2      | Found a sacrificial altar of Ru.
  1428 | D:2      | Reached XP level 5. HP: 38/45 MP: 4/6
  1502 | D:2      | Found a blossoming altar of Fedhas.
  1749 | D:2      | Found a burning altar of Makhleb.
  1754 | D:2      | Reached skill level 1 in Dodging
  1765 | D:2      | Became a worshipper of Makhleb the Destroyer
  1979 | D:3      | Gained mutation: You are agile. (Dex +2) [potion of beneficial mutation]
  2005 | D:3      | Gained mutation: You have a pair of small antennae on your head. [potion of beneficial mutation]
  2111 | D:3      | HP: 2/46 [adder (3)]
  2115 | D:3      | Slain by an adder

Skill      XL: |  1  2  3  4  5 |
---------------+----------------+-----
Long Blades    | 3 |  3.1
Dodging        | 1 |  1.2
Fighting       | |  3.7
Armour         | |  3.7
Shields        | |  3.9
Spellcasting   | |  0.8

Action                   |  1- 3 |  4- 6 || total
-------------------------+-------+-------++-------
Melee: Long sword        |    50 |   168 ||   218
  Use: Scroll            |     4 |     3 ||     7
       Potion            |     3 |     4 ||     7
  Eat: Chunk             |       |     4 ||     4
Armor: Scale mail        |    18 |    62 ||    80
Dodge: Dodged            |    12 |    73 ||    85
Block: Shield            |    27 |    83 ||   110
       Rpst.: Long sword |     3 |    18 ||    21
